 Dungeon Crawl Stone Soup version 0.26.0-15-gc6cd9f700b (webtiles) character file.

Game seed: 8717184974487642740

95 runemasterragnar the Skirmisher (level 4, -1/50 HPs)
             Began as an Ogre Monk on Jan 17, 2021.
             Slain by a gnoll
             ... wielding a +0 spear
              (9 damage)
             ... on level 3 of the Dungeon.
             The game lasted 00:02:51 (2589 turns).

runemasterragnar the Skirmisher (Ogre Monk)         Turns: 2589, Time: 00:02:52

Health: -1/50      AC:  3    Str: 16    XL:     4   Next: 66%
Magic:  4/4        EV: 11    Int: 11    God:
Gold:   138        SH:  0    Dex: 11    Spells: 3/3 levels left

rFire    . . .     SeeInvis .   a - +0 hand axe
rCold    . . .     Faith    .   (no shield)
rNeg     . . .     Spirit   .   b - +0 robe
rPois    .         Reflect  .   (helmet restricted)
rElec    .         Harm     .   (no cloak)
rCorr    .         Rampage  .   (gloves unavailable)
Will     .....                  (boots unavailable)
Stlth    ++........             (no amulet)
HPRegen  0.16/turn              (no ring)
MPRegen  0.09/turn              (no ring)

@: flying, hasted, very quick
A: large, unfitting armour, tough skin 1
a: no special abilities


You were on level 3 of the Dungeon.
You visited 1 branch of the dungeon, and saw 3 of its levels.

You collected 138 gold pieces.

Inventory:

Hand Weapons
 a - a +0 hand axe (weapon)
Missiles
 k - a boomerang (quivered)
Armour
 b - a +0 robe (worn)
Jewellery
 d - an uncursed amulet of regeneration {unknown}
 r - a +6 ring of strength {unknown}
Scrolls
 c - 4 scrolls of remove curse {unknown}
 e - a scroll of fear {unknown}
 f - 5 scrolls of identify {unknown}
 h - a scroll of blinking {unknown}
 i - 4 scrolls of teleportation {unknown}
 m - a scroll of magic mapping {unknown}
 p - a scroll of immolation {unknown}
 q - a scroll of noise {unknown}
 s - a scroll of amnesia {unknown}
Potions
 g - a potion of flight


   Skills:
 * Level 5.3 Fighting
 * Level 4.0 Axes
 + Level 3.2 Dodging
 - Level 1.4 Stealth


You had 3 spell levels left.
You didn't know any spells.
Your spell library was empty.

Dungeon Overview and Level Annotations

Branches:
Dungeon (3/15)

Altars:


Innate Abilities, Weirdness & Mutations

You are too large for most types of armour.
You have tough skin. (AC +1)


Message History

You hit the gnoll.
The gnoll is severely wounded.
The gnoll hits you.
You hit the gnoll.
You kill the gnoll!
You barely miss the gnoll. The gnoll misses you.
The gnoll hits you from afar with a +0 spear!
* * * LOW HITPOINT WARNING * * *
Things that are here:
a +0 flail; a gnoll corpse It was a potion of flight.
You feel very buoyant.
You fly up into the air.
The gnoll closely misses you.
The gnoll hits you from afar with a +0 spear.
* * * LOW HITPOINT WARNING * * *
The kobold shouts!
You see here 24 bolts.
It was a potion of haste.
You feel yourself speed up. The gnoll misses you.
The gnoll hits you from afar with a +0 spear!
You die...

#..#.##.######### #
#..#.#..g.......#.#.
#.#.##(##########.#... ...
#.###.#....Kg...# #)#..
... ...........####K#
#.#.. ... .
.###.#.#####.#.# #.#.###.#
.# #
#.#####.#g#####.#.#...#..#
#.....<.#g#.....#........#
#########@#...†...........
#.########g.....#
#......g....$...#
#..........#......#
#..........#......#
#..........#......#
#..).......#.##.#...
#..........#.# .####
#............# .#


You could see 2 gnolls and a kobold.

Vanquished Creatures
  2 gnolls (D:3)
  4 adders (D:2)
  A dart slug (D:1)
  2 leopard geckos
  A giant cockroach (D:2)
  4 goblins
  3 hobgoblins
  7 bats
  3 frilled lizards
  4 kobolds
  12 rats
43 creatures vanquished.

Notes
Turn   | Place    | Note
-------+----------+-------------------------------------------
     0 | D:1      | runemasterragnar the Ogre Monk began the quest for the Orb.
     0 | D:1      | Reached XP level 1. HP: 24/24 MP: 1/1
   160 | D:1      | Reached XP level 2. HP: 9/32 MP: 2/2
  1427 | D:1      | Reached XP level 3. HP: 40/40 MP: 3/3
  2084 | D:2      | Reached skill level 5 in Fighting
  2095 | D:2      | Reached XP level 4. HP: 31/50 MP: 4/4
  2589 | D:3      | Slain by a gnoll

Illustrated notes

Levels and vault maps discovered:
D:1:      matt_arrival_spirals, layout_loops_corners, st_stairs_9
D:2:      layout_basic
D:3:      layout_basic, kennysheep_generic_room_11

Skill      XL: |  1  2  3  4 |
---------------+-------------+-----
Dodging        | 3 |  3.2
Fighting       | 5 |  5.3
Axes           | 4 |  4.0
Stealth        | |  1.4

Action                   |  1- 3 |  4- 6 || total
-------------------------+-------+-------++-------
Melee: Hand axe          |   109 |    13 ||   122
Throw: Boomerang         |    10 |    10 ||    20
  Use: Potion            |     5 |     2 ||     7
 Stab: Sleeping          |     5 |       ||     5
Armor: Robe              |    41 |     3 ||    44
Dodge: Dodged            |    71 |     8 ||    79
